 Dungeon Crawl Stone Soup version 0.28.0-53-g5a82cb258f (webtiles) character file.

Game seed: 12301631760684052338

368 Gabide the Grave Robber (level 6, -12/44 HPs)
             Began as a Mummy Necromancer on May 27, 2022.
             Was an Initiate of Cheibriados.
             Mangled by an ogre
             ... wielding a +0 giant club
              (17 damage)
             ... on level 4 of the Dungeon.
             The game lasted 00:10:12 (4371 turns).

Gabide the Grave Robber (Mummy Necromancer)         Turns: 4371, Time: 00:10:13

Health: -12/44     AC:  6    Str: 12    XL:     6   Next: 41%
Magic:  10/10      EV: 11    Int: 18    God:    Cheibriados [......]
Gold:   156        SH:  0    Dex: 13    Spells: 10/11 levels left

rFire   . . .      SeeInvis .   c - +0 quarterstaff
rCold   + . .      Faith    .   (shield currently unavailable)
rNeg    + + +      Spirit   .   a - +2 leather armour {rF+}
rPois   ∞          Reflect  .   f - +0 helmet
rElec   .          Harm     .   (no cloak)
rCorr   .          Rampage  .   (no gloves)
Will    .....                   (no boots)
Stlth   ++........              (no amulet)
HPRegen 0.14/turn               (no ring)
MPRegen 0.12/turn               (no ring)

@: very slow
A: cold resistance 1, negative energy resistance 3, torment resistance 2, heat
vulnerability 1, no potions
a: Renounce Religion


You were on level 4 of the Dungeon.
You worshipped Cheibriados.
Cheibriados was noncommittal.
You visited 2 branches of the dungeon, and saw 6 of its levels.

You collected 156 gold pieces.

Inventory:

Hand Weapons
 c - a +0 quarterstaff (weapon)
 h - a +0 flail
Armour
 a - a +2 leather armour of fire resistance (worn)
 e - a +0 scale mail
 f - a +0 helmet (worn)
 j - a +0 buckler
Wands
 i - a wand of digging (8)
Scrolls
 b - a scroll of brand weapon {unknown}


   Skills:
 - Level 2.0 Fighting
 - Level 3.0(3.3) Maces & Flails
 + Level 1.6(2.5) Staves
 - Level 2.0 Armour
 - Level 2.0 Dodging
 - Level 2.0 Stealth
 - Level 3.0 Spellcasting
 - Level 4.5 Necromancy


You had 10 spell levels left.
You knew the following spells:

 Your Spells              Type           Power      Damage    Failure   Level
a - Pain                  Necr           72%        1d7       3%          1

Your spell library contained the following spells:

 Spells                   Type           Power      Damage    Failure   Level
 Animate Skeleton         Necr           36%        N/A       3%          1
 Vampiric Draining        Necr           18%        2d7       10%         3
 Summon Small Mammal      Summ           8%         N/A       21%         1
 Animate Dead             Necr           9%         N/A       32%         4
 Call Canine Familiar     Summ           2%         N/A       52%         3
 Summon Guardian Golem    Hex/Summ       2%         N/A       52%         3
 Agony                    Necr           18%        N/A       65%         5


Dungeon Overview and Level Annotations

Branches:
Dungeon (5/15)             Temple (1/1) D:4

Altars:
Cheibriados
Dithmenos
Elyvilon
Fedhas
Kikubaaqudgha
Makhleb
Nemelex Xobeh
Okawaru
Qazlal
Sif Muna
Uskayaw
Wu Jian
Yredelemnul
Zin
The Shining One

Shops:
D:2 (

Annotations:
D:5 Pikel


Innate Abilities, Weirdness & Mutations

You are immune to poison.
Your flesh is cold resistant. (rC+)
You are immune to negative energy. (rN+++)
You are immune to unholy pain and torment.
You are vulnerable to heat. (rF-)
You do not drink.


Message History

You closely miss the phantom.
The ogre shouts!
The phantom hits you.
The phantom blinks!
You blink.
You hit the phantom but do no damage.
The phantom hits you but does no damage.
You hit the phantom.
The phantom is lightly damaged.
The phantom hits you.
You sock the phantom!
The phantom is moderately damaged.
The phantom hits you but does no damage.
You hit the phantom.
The phantom is heavily damaged.
The phantom barely misses you. The ogre hits you with a +0 giant club!
The phantom hits you.
The phantom blinks!
You blink.
You are too injured to fight recklessly!
You sock the phantom!
The phantom is severely damaged.
The phantom closely misses you.
You hit the phantom.
The phantom is almost destroyed.
The phantom hits you but does no damage.
You thump the phantom!
You destroy the phantom!
Cheibriados appreciates the change of pace.
Your base Staves skill increases to level 1!
Unknown command.
Okay, then.
You can't drink.
As you read the scroll of teleportation, it crumbles to dust.
You feel strangely unstable. The ogre hits you with a +0 giant club!
* * * LOW HITPOINT WARNING * * *
Your surroundings seem slightly different.
You sock the ogre!
The ogre is moderately wounded.
The ogre closely misses you.
You hit the ogre.
The ogre is heavily wounded.
The ogre hits you with a +0 giant club!
You die...

#.#§≈≈#.##.# #...## #.>.
#.#...#.##.###...# ####.
#.#._.####.....### #.[.. #...##
###..## ##.... +####.####.##
#....( #. ..##..# ##########
#.##.# ..
#.##.÷###........###.##.# .#
#.##...##........##P.P#.#
.#.######......O@.....(..###.##..
...§§....................P#...#P.
.#.#####.....#.##..........)>....
...# #.....#.##........P#)..#P#
.# #.....#..#........###.#### ..#
#.....##..###.......P.P# ..#
#.....# ........###.).## #..
##..#..# ...#.>#.# #####
##.##..........##.#.##..


You could see an ogre.

Vanquished Creatures
  2 phantoms (D:4)
  A scorpion (D:4)
  2 orc priests
  4 adders
  2 worms
  3 dart slugs
  3 orcs
  8 bats
  2 endoplasms
  2 giant cockroaches
  5 goblins
  6 hobgoblins
  3 jackals (D:1)
  4 kobolds
  A quokka (D:1)
  3 ball pythons
  A frilled lizard (D:1)
  4 rats
56 creatures vanquished.

Notes
Turn   | Place    | Note
-------+----------+-------------------------------------------
     0 | D:1      | Gabide the Mummy Necromancer began the quest for the Orb.
     0 | D:1      | Reached XP level 1. HP: 13/13 MP: 4/4
   457 | D:1      | Reached XP level 2. HP: 19/19 MP: 4/6
  1524 | D:2      | Reached skill level 1 in Fighting
  1965 | D:2      | Reached XP level 3. HP: 26/26 MP: 4/7
  2298 | D:2      | Found Gouchuvo's Weapon Shoppe.
  3010 | D:2      | Reached XP level 4. HP: 12/33 MP: 0/8
  3201 | D:3      | Reached skill level 1 in Armour
  3433 | D:3      | Found an iron altar of Okawaru.
  3433 | D:3      | You fall into a shaft and drop 2 floors!
  3433 | D:5      | Entered Level 5 of the Dungeon
  3433 | D:5      | Noticed Pikel
  3433 | D:5      | Noticed a lemure
  3433 | D:5      | Noticed a phantom
  3449 | D:5      | Noticed a lemure
  3449 | D:5      | Noticed a scorpion
  3450 | D:5      | Noticed a lemure
  3451 | D:5      | Noticed an ogre
  3489 | D:5      | Noticed a lemure
  3636 | D:4      | Reached skill level 1 in Maces & Flails
  3636 | D:4      | Reached XP level 5. HP: 36/38 MP: 2/9
  3927 | D:4      | Found a stormy altar of Qazlal.
  3928 | D:4      | Found a basalt altar of Yredelemnul.
  3952 | D:4      | Noticed a phantom
  3973 | D:4      | Killed a phantom
  3974 | D:4      | Reached XP level 6. HP: 24/44 MP: 7/10
  4138 | D:4      | Found a staircase to the Ecumenical Temple.
  4147 | Temple   | Entered the Ecumenical Temple
  4282 | Temple   | Became a worshipper of Cheibriados the Contemplative
  4361 | D:4      | Reached skill level 1 in Staves
  4371 | D:4      | Mangled by an ogre

Illustrated notes

Levels and vault maps discovered:
D:1:      amcnicky_arrival_choice, layout_basic
D:2:      layout_basic, serial_shops, nicolae_shop_bloodbath_and_beyond,
          minmay_liquid_box, hangedman_abyss_or_decor_lesser_grid
D:3:      layout_rooms, nzn_hepliaklqana_mist_gate, okawaru_gym_becter,
          cheibrodos_sewer_entry_sluice
D:4:      layout_rooms, marbit_many_paths, mainiacjoe_overflow_swirl,
          mainiacjoe_overflow_divided_tiny, minmay_temple_entry_gardened_gates
D:5:      layout_basic, uniq_pikel
Temple:   hc_temple_tempest_star

Skill      XL: |  1  2  3  4  5  6 |
---------------+-------------------+-----
Spellcasting   | 3 |  3.0
Stealth        | 2 |  2.0
Fighting       | 1 2 |  2.0
Dodging        | 2 |  2.0
Armour         | 2 |  2.0
Maces & Flails | 1 3 |  3.0
Staves         | 1 |  1.6
Necromancy     | |  4.5

Action                   |  1- 3 |  4- 6 || total
-------------------------+-------+-------++-------
Melee: Unarmed           |    11 |       ||    11
       Short sword       |     5 |       ||     5
       Dagger            |     2 |       ||     2
       Flail             |       |    21 ||    21
       Quarterstaff      |       |    13 ||    13
 Cast: Pain              |    79 |    54 ||   133
  Use: Scroll            |       |     5 ||     5
Armor: Robe              |     7 |       ||     7
       Leather armour    |     6 |    14 ||    20
Dodge: Dodged            |    53 |    31 ||    84
